 Dungeon Crawl Stone Soup version 0.31-a0-246-g8cbcc1cb85 (webtiles) character file.

Game seed: 14051755983932980228

112 Newt the Changeling (level 4, 0/33 HPs)
             Began as a Merfolk Shapeshifter on July 12, 2023.
             Slain by an orc
             ... wielding a +0 hand axe
              (3 damage)
             ... on level 2 of the Dungeon.
             The game lasted 00:02:03 (2295 turns).

Newt the Changeling (Merfolk Shapeshifter)          Turns: 2295, Time: 00:02:03

Health: 0/33       AC:  6    Str: 17    XL:     4   Next: 95%
Magic:  4/4        EV: 12    Int:  7    God:
Gold:   181        SH:  0    Dex: 14    Spells: 3/3 levels left

rFire   . . .        b - +1 whip (elec)
rCold   . . .        (no shield)
rNeg    . . .        a - +0 animal skin
rPois   .            (no helmet)
rElec   .            (no cloak)
rCorr   .            (no gloves)
SInv    .            (no boots)
Will    .....        (no amulet)
Stlth   +            e - +4 ring of protection
HPRegen 0.25/turn    (no ring)
MPRegen 0.09/turn

%: no passive effects
@: no status effects
A: (nimble swimmer 2), mertail
a: no special abilities


You were on level 2 of the Dungeon.
You visited 1 branch of the dungeon, and saw 3 of its levels.

You collected 181 gold pieces.

Inventory:

Hand Weapons
 b - a +1 whip of electrocution (weapon)
Missiles
 g - 6 poisoned darts
Armour
 a - a +0 animal skin (worn)
Jewellery
 e - a +4 ring of protection (left hand)
Talismans
 c - a beast talisman
Wands
 i - a wand of iceblast (9)
Scrolls
 d - a scroll of teleportation
 f - 2 scrolls of identify
 h - a scroll of vulnerability


   Skills:
 - Level 2.1 Fighting
 - Level 2.6 Dodging
 - Level 2.1 Unarmed Combat
 + Level 6.4 Shapeshifting


You had 3 spell levels left.
You didn't know any spells.
Your spell library contained the following spells:

 Spells                   Type           Power      Damage    Failure   Level
 Call Canine Familiar     Summ           0%         N/A       80%         3
 Portal Projectile        Hex/Tloc       0%         N/A       80%         3
 Leda's Liquefaction      Hex/Erth       0%         N/A       99%         4


Dungeon Overview and Level Annotations

Branches:
Dungeon (3/15)

Altars:
The Shining One

Shops:
D:2 :


Innate Abilities, Weirdness & Mutations

((You are very nimble when in or above water. (Stealth+, EV+, Speed+++)))
Your lower body shifts to a powerful aquatic tail in water.


Message History

The orc hits you but does no damage. x3
The endoplasm freezes you.
You are frozen.
You hit the endoplasm.
You kill the endoplasm!
The orc completely misses you. The orc closely misses you.
The orc barely misses you. The orc hits you with a +0 hand axe.
* * * LOW HITPOINT WARNING * * *
The orc attacks as you move away! The orc hits you with a +0 hand axe.
* * * LOW HITPOINT WARNING * * *
The orc attacks as you move away! The orc barely misses you.
Unknown command.
You barely miss the orc. The orc hits you with a +0 hand axe.
* * * LOW HITPOINT WARNING * * *
The orc hits you with a +0 hand axe.
* * * LOW HITPOINT WARNING * * *
Unknown command.
You aren't carrying any potions.
Okay, then.
Unknown command.
You hit the orc but do no damage. The orc hits you with a +0 hand axe.
* * * LOW HITPOINT WARNING * * *
Unknown command.
You hit the orc.
The orc is heavily wounded.
The orc barely misses you.
Unknown command.
You closely miss the orc.
The orc is heavily wounded.
The orc completely misses you.
Unknown command.
You hit the orc but do no damage.
The orc is heavily wounded.
The orc hits you but does no damage.
Unknown command.
You hit the orc but do no damage.
The orc is heavily wounded.
The orc hits you with a +0 hand axe.
You die...

####....## #.#
#########.##.)##
##.#
..........###.)##
#..# #########.#
##).###.## ......#
#.# ##.....#
#####.# #.#
#.o#### ..# #.#
#.# ##o# #.# #.#
#.# #o# ..# #.#
#.# #@# ### #.#
#.# #.# #.#
#.######.# #.#
#......#.#
#.########.#.#
#........#.#.#
############.#.#.#
.......#####.#.#.#
######.......#...#


You could see 3 orcs.

Vanquished Creatures
  4 adders (D:2)
  A worm (D:2)
  A dart slug (D:1)
  3 orcs (D:2)
  A bat (D:2)
  6 endoplasms
  3 giant cockroaches
  4 goblins
  3 hobgoblins (D:1)
  7 jackals
  3 quokkas
  8 ball pythons
  2 frilled lizards
  10 kobolds
  5 rats
61 creatures vanquished.

Notes
Turn   | Place    | Note
-------+----------+-------------------------------------------
     0 | D:1      | Newt the Merfolk Shapeshifter began the quest for the Orb.
     0 | D:1      | Reached XP level 1. HP: 16/16 MP: 1/1
   179 | D:1      | Reached XP level 2. HP: 6/22 MP: 2/2
   704 | D:1      | Reached skill level 5 in Shapeshifting
   728 | D:1      | Reached XP level 3. HP: 27/27 MP: 3/3
   953 | D:2      | Found a glowing golden altar of the Shining One.
  1084 | D:2      | Found Gepod's Book Shoppe.
  1143 | D:2      | Reached XP level 4. HP: 31/33 MP: 4/4
  1400 | D:2      | Reached skill level 6 in Shapeshifting
  2295 | D:2      | Slain by an orc

Illustrated notes

Levels and vault maps discovered:
D:1:      dpeg_arrival_snail, layout_basic, minmay_misc_feat_iff,
          minmay_pentomino_p2
D:2:      layout_basic, basic_altar, serial_shops, shop,
          hangedman_feature_mirror
D:3:      layout_rooms, mainiacjoe_overflow_six_doors_small,
          gammafunk_temple_overflow_pools, serial_shops, shop

Skill      XL: |  1  2  3  4 |
---------------+-------------+-----
Shapeshifting  | 5 6 |  6.4
Fighting       | |  2.1
Dodging        | |  2.6
Unarmed Combat | |  2.1

Action                     |  1- 3 |  4- 6 || total
---------------------------+-------+-------++-------
  Melee: Unarmed           |    26 |       ||    26
         Whip              |    90 |    84 ||   174
         Punch             |     2 |       ||     2
    Use: Potion            |     2 |       ||     2
         Scroll            |     2 |       ||     2
   Stab: Sleeping          |     2 |     2 ||     4
 Armour: Animal skin       |    37 |    36 ||    73
         Skin              |     2 |       ||     2
  Dodge: Dodged            |    81 |    66 ||   147
         Form:             |     1 |       ||     1

Table legend: (Time is in decaauts)
 A = Elapsed time spent in this place.
 B = Non-inter-level travel time spent in this place.
 C = Inter-level travel time spent in this place.
 D = Time resting spent in this place.
 E = Time spent auto-exploring this place.
 F = Levels seen in this place.
 G = Mean time per level.
                   A        B        C        D        E       F      G
               +--------+--------+--------+--------+--------+-----+--------+
         Total |   2311 |   2284 |     27 |    477 |   1387 |   3 |  770.3 |
       Dungeon |   2311 |   2284 |     27 |    477 |   1387 |   3 |  770.3 |
               +--------+--------+--------+--------+--------+-----+--------+

Top non-repeatable levels by time:
     D:2: 1356 daAuts
     D:1: 951 daAuts
     D:3: 4 daAuts
